 Dungeon Crawl Stone Soup version 0.29.1-14-g9c671dbff4 (webtiles) character file.

Game seed: 5382476225188469704

95 Hrothgar the Trooper (level 4, -3/61 HPs)
             Began as a Hill Orc Fighter on Feb 13, 2023.
             Was an Initiate of Qazlal.
             Slain by Crazy Yiuf
             ... wielding a +4 quarterstaff of chaos
              (9 damage)
             ... while petrified by Crazy Yiuf
             ... on level 3 of the Dungeon.
             The game lasted 00:04:41 (1162 turns).

Hrothgar the Trooper (Hill Orc Fighter)             Turns: 1162, Time: 00:04:41

Health: -3/61      AC:  7    Str: 16    XL:     4   Next: 66%
Magic:  1/4        EV:  2    Int: 14    God:    Qazlal [......]
Gold:   49         SH:  0    Dex: 10    Spells: 3/3 levels left

rFire   . . .      SeeInvis .   f - +5 sling "Xusegri" {venom, rC+++ Str-2 Int+4}
rCold   + + +      Faith    .   c - +1 buckler
rNeg    + + +      Spirit   .   b - +0 scale mail
rPois   ∞          Reflect  .   (no helmet)
rElec   .          Harm     .   (no cloak)
rCorr   .          Rampage  .   (no gloves)
Will    .....                   (no boots)
Stlth   ..........              (no amulet)
HPRegen 0.20/turn               d - ring of wizardry
MPRegen 0.09/turn               (no ring)

@: mighty, berserking, petrified
A: no striking features
a: Renounce Religion


You were on level 3 of the Dungeon.
You worshipped Qazlal.
Qazlal was noncommittal.
You visited 1 branch of the dungeon, and saw 3 of its levels.

You collected 49 gold pieces.

Inventory:

Hand Weapons
 a - a +0 long sword of freezing
 f - the +5 sling "Xusegri" (weapon) {venom, rC+++ Str-2 Int+4}
   (You found it on level 3 of the Dungeon)

   Any ammunition fired from it poisons the flesh of those it strikes.
   Str:       It affects your strength (-2).
   Int:       It affects your intelligence (+4).
   rC:        It renders you almost immune to cold.
Armour
 b - a +0 scale mail (worn)
 c - a +1 buckler (worn)
Jewellery
 d - a ring of wizardry (left hand)
Scrolls
 g - a scroll of magic mapping {unknown}


   Skills:
 * Level 4.3 Fighting
 * Level 3.0 Long Blades
 * Level 3.9 Armour
 * Level 0.7 Dodging
 * Level 0.8 Stealth
 * Level 3.8 Shields


You had 3 spell levels left.
You didn't know any spells.
Your spell library was empty.

Dungeon Overview and Level Annotations

Branches:
Dungeon (3/15)

Altars:
Qazlal
Zin

Shops:
D:3 *

Annotations:
D:3 Crazy Yiuf


Message History

Your +0 long sword of freezing stops glowing.
You feel weaker.
You feel clever.
The +5 sling "Xusegri" {venom, rC+++ Str-2 Int+4} begins to drip with poison!
f - the +5 sling "Xusegri" (weapon)
{venom, rC+++ Str-2 Int+4} Fire: f) +5 sling "Xusegri" {venom, rC+++ Str-2 Int+4}
Press: ? - help, Q - select action Shift-Dir - straight line, f - Crazy Yiuf
Aim: Crazy Yiuf, wielding a +4 quarterstaff of chaos and wearing a +2 cloak (lightly wounded, 65% to hit)
You shoot a sling bullet. The sling bullet hits Crazy Yiuf.
Crazy Yiuf is poisoned.
Crazy Yiuf is moderately wounded.
Crazy Yiuf attacks as you move away!
Crazy Yiuf hits you with a +4 quarterstaff of chaos!
You are slowing down.
Your limbs are stiffening.
Crazy Yiuf hits you with a +4 quarterstaff of chaos!
You have turned to stone.
Crazy Yiuf whimpers, "Iron!"
Crazy Yiuf hits you with a +4 quarterstaff of chaos.
You feel very mighty all of a sudden.
Crazy Yiuf hits you with a +4 quarterstaff of chaos.
A red film seems to cover your vision as you go berserk!
You feel yourself moving faster!
You feel mighty!
Crazy Yiuf hits you with a +4 quarterstaff of chaos!
You suddenly lose the ability to move!
Crazy Yiuf screams, "Mountain sallow tortoise!"
Crazy Yiuf hits you with a +4 quarterstaff of chaos!
Crazy Yiuf burns you.
Crazy Yiuf hits you with a +4 quarterstaff of chaos! x2
* * * LOW HITPOINT WARNING * * *
You feel your power leaking away.
Crazy Yiuf hits you with a +4 quarterstaff of chaos!
* * * LOW HITPOINT WARNING * * *
Crazy Yiuf burns you.
Crazy Yiuf hits you with a +4 quarterstaff of chaos!
* * * LOW HITPOINT WARNING * * *
Crazy Yiuf hits you with a +4 quarterstaff of chaos.
* * * LOW HITPOINT WARNING * * *
You are electrocuted!!
You die...

# ### ..# ..# #####
..# #####...##
..#########........#
..##........###....#
..##......### #....#
..##......### ♣.@..♣
>(..........# ♣.g.♣♣
#######+###.# ♣♣.♣♣
.# ♣.♣♣ # ♣♣.♣ ♣.♣♣
♣♣.♣ #'# ... ##


You could see Crazy Yiuf (poisoned).

Vanquished Creatures
  Terence (D:3)
  Natasha (twice) (D:2)
  2 ball pythons
  3 goblins
  5 hobgoblins
  2 jackals (D:1)
  A bat (D:2)
  2 frilled lizards (D:3)
  3 kobolds
  2 rats
23 creatures vanquished.

Notes
Turn   | Place    | Note
-------+----------+-------------------------------------------
     0 | D:1      | Hrothgar the Hill Orc Fighter began the quest for the Orb.
     0 | D:1      | Reached XP level 1. HP: 19/19 MP: 1/1
   115 | D:1      | Reached XP level 2. HP: 27/27 MP: 2/2
   470 | D:2      | Noticed Natasha
   478 | D:2      | Killed Natasha
   479 | D:2      | Reached skill level 4 in Fighting
   479 | D:2      | Reached XP level 3. HP: 4/33 MP: 3/3
   555 | D:2      | Noticed Natasha
   559 | D:2      | Killed Natasha
   560 | D:2      | Reached XP level 4. HP: 11/40 MP: 4/4
   868 | D:3      | Noticed Terence
   881 | D:3      | Killed Terence
   892 | D:3      | Identified the +5 sling "Xusegri" {venom, rC+++ Str-2
                  | Int+4}
   944 | D:3      | Found a glowing silver altar of Zin.
   945 | D:3      | Found Zin's Purification Station.
   999 | D:3      | Found a stormy altar of Qazlal.
  1008 | D:3      | Became a worshipper of Qazlal Stormbringer
  1140 | D:3      | Found a runed translucent door.
  1141 | D:3      | Noticed Crazy Yiuf
  1156 | D:3      | Paralysed by Crazy Yiuf for 5 turns
  1162 | D:3      | Slain by Crazy Yiuf

Illustrated notes

Levels and vault maps discovered:
D:1:      giann_bridges, layout_basic, chequers_ecumenical_altar_lobes
D:2:      kennysheep_six_static_rooms, layout_basic, uniq_natasha
D:3:      layout_basic, mainiacjoe_overflow_small_starburst, zin_purify,
          uniq_crazy_yiuf_cottage, uniq_terence

Skill      XL: |  1  2  3  4 |
---------------+-------------+-----
Fighting       | 4 |  4.3
Long Blades    | 3 |  3.0
Armour         | |  3.9
Dodging        | |  0.7
Stealth        | |  0.8
Shields        | |  3.8

Action                   |  1- 3 |  4- 6 || total
-------------------------+-------+-------++-------
Melee: Long sword        |    36 |    21 ||    57
 Fire: Sling             |       |    11 ||    11
  Use: Scroll            |     2 |     5 ||     7
       Potion            |     3 |       ||     3
Armor: Scale mail        |    13 |     6 ||    19
Dodge: Dodged            |    16 |     8 ||    24
Block: Buckler           |     9 |     4 ||    13
